[ AOE2 MATCH · #478392716 ]
UnrankedTurks vs Maya
[ REPLAY ANALYSIS · EXTRACTED FROM THE RECORDED GAME ]
Feudal
11:23
Castle
14:59
Imperial
33:37
| APM avg | 34.4 |
| APM peak | 72 |
| eAPM avg | 19.4 |
| Villagers / military | 79 / 52 |
Focus
⚔️ 35.8% · 🌾 64.2%
Janissary ×38 · Mangonel ×7 · Scout Cavalry ×5 · Trebuchet (Packed) ×2
Feudal
10:41
Castle
15:47
Imperial
30:42
| APM avg | 44.9 |
| APM peak | 79 |
| eAPM avg | 25.6 |
| Villagers / military | 158 / 133 |
Focus
⚔️ 38.9% · 🌾 61.1%
Skirmisher ×93 · Archer ×33 · Trebuchet (Packed) ×5 · Mangonel ×2
Feudal
9:08
Castle
24:03
Imperial
—
| APM avg | 24.5 |
| APM peak | 55 |
| eAPM avg | 15.6 |
| Villagers / military | 74 / 12 |
Focus
⚔️ 22.2% · 🌾 77.8%
Battering Ram ×7 · Mangonel ×5
Feudal
9:40
Castle
13:59
Imperial
29:47
| APM avg | 41.7 |
| APM peak | 74 |
| eAPM avg | 22.1 |
| Villagers / military | 148 / 80 |
Focus
⚔️ 33.4% · 🌾 66.6%
Spearman ×40 · Archer ×20 · Longbowman ×14 · Trebuchet (Packed) ×4 · Petard ×2
Feudal
10:31
Castle
19:52
Imperial
—
| APM avg | 32.9 |
| APM peak | 84 |
| eAPM avg | 20.9 |
| Villagers / military | 153 / 135 |
Focus
⚔️ 33.9% · 🌾 66.1%
Archer ×97 · Scout Cavalry ×30 · Knight ×6 · Cavalry Archer ×2
Feudal
11:23
Castle
15:08
Imperial
35:33
| APM avg | 41.3 |
| APM peak | 95 |
| eAPM avg | 19.0 |
| Villagers / military | 105 / 101 |
Focus
⚔️ 44.6% · 🌾 55.4%
Conquistador ×99 · Petard ×2
Feudal
11:14
Castle
14:58
Imperial
40:24
| APM avg | 28.8 |
| APM peak | 55 |
| eAPM avg | 18.2 |
| Villagers / military | 81 / 46 |
Focus
⚔️ 31.0% · 🌾 69.0%
Spearman ×23 · Archer ×17 · Mangonel ×6
Feudal
10:35
Castle
14:27
Imperial
35:45
| APM avg | 30.9 |
| APM peak | 68 |
| eAPM avg | 15.4 |
| Villagers / military | 95 / 78 |
Focus
⚔️ 35.1% · 🌾 64.9%
Scout Cavalry ×55 · Obuch ×21 · Petard ×2
Match map
Initial resources + every placement click. Lines = walls · curves = elevation contours. ◆ gold · ⬟ stone · ● berries · ✦ relic · ◌ wall gap
Your base· ✓ Closed at 14:59 · 0t walls · 3 gate(s)
SimoniacJewel88's base· ✓ Closed at 15:47 · 0t walls · 3 gate(s)
Cono | Gatti's base· ✓ Closed at 24:03 · 2t walls · 2 gate(s)
MZTK | Only wall's base· ✓ Closed at 13:59 · 10t walls · 3 gate(s)
NO_AFK_PLZ:('s base· ✓ Closed at 19:52 · 0t walls · 3 gate(s)
Cono | Acr1's base· ✓ Closed at 15:08 · 0t walls · 2 gate(s)
拳斗部诗人—菜桑's base· ✓ Closed at 14:58 · 0t walls · 2 gate(s)
Perro Viejo's base· ✓ Closed at 14:27 · 0t walls · 3 gate(s)
Smoothed initial terrain · ◌ = detected wall gap · hover for details
Inputs per minute
— Cono | Joe Strummer - - SimoniacJewel88
Build order — Cono | Joe Strummer
First 150 of 244 actions detected
| 0:01 | Create | Villager (Male) ×4 |
| 0:02 | Build | House |
| 0:04 | Build | House |
| 1:26 | Create | Villager (Male) |
| 1:26 | Create | Villager (Male) |
| 1:45 | Build | Lumber Camp |
| 2:00 | Create | Villager (Male) |
| 2:00 | Create | Villager (Male) |
| 2:31 | Create | Villager (Male) |
| 2:32 | Create | Villager (Male) |
| 2:49 | Create | Villager (Male) |
| 2:49 | Create | Villager (Male) |
| 3:04 | Create | Villager (Male) |
| 3:35 | Create | Villager (Male) |
| 4:04 | Build | House |
| 4:05 | Create | Villager (Male) |
| 4:19 | Build | House |
| 4:36 | Create | Villager (Male) |
| 4:38 | Create | Villager (Male) |
| 4:40 | Create | Villager (Male) |
| 5:45 | Create | Villager (Male) |
| 5:54 | Build | Mill |
| 6:01 | Build | Mill |
| 6:05 | Create | Villager (Male) |
| 6:06 | Create | Villager (Male) |
| 7:04 | Create | Villager (Male) |
| 7:19 | Build | Mill |
| 7:30 | Create | Villager (Male) |
| 7:31 | Create | Villager (Male) |
| 8:02 | Build | Mining Camp |
| 8:10 | Create | Villager (Male) |
| 8:25 | Create | Villager (Male) |
| 8:57 | Build | Mining Camp |
| 9:07 | Research | Feudal Age |
| 9:33 | Build | Farm |
| 9:53 | Create | Villager (Male) |
| 10:01 | Build | House |
| 10:14 | Create | Villager (Male) |
| 11:23 | Age | Feudal Age |
| 11:25 | Build | Farm |
| 11:29 | Build | Market |
| 11:34 | Build | Blacksmith |
| 11:48 | Build | Farm |
| 12:19 | Research | Castle Age |
| 12:20 | Research | Castle Age |
| 13:00 | Research | Double-Bit Axe |
| 13:04 | Build | Farm |
| 13:09 | Build | Farm |
| 13:33 | Build | House |
| 13:41 | Research | Horse Collar |
| 13:49 | Research | Loom |
| 14:59 | Age | Castle Age |
| 15:09 | Create | Villager (Male) |
| 15:23 | Build | Castle |
| 15:32 | Research | Bow Saw |
| 15:33 | Create | Villager (Male) |
| 15:41 | Build | Farm |
| 15:46 | Build | Farm |
| 15:50 | Build | Palisade Gate |
| 15:53 | Build | Palisade Wall |
| 16:01 | Build | Palisade Gate |
| 16:03 | Build | Palisade Wall |
| 16:12 | Create | Villager (Male) |
| 16:27 | Create | Villager (Male) |
| 16:29 | Build | Farm |
| 16:50 | Create | Janissary |
| 16:53 | Build | Mining Camp |
| 16:57 | Build | Siege Workshop |
| 16:59 | Build | Lumber Camp |
| 17:01 | Create | Janissary |
| 17:02 | Create | Villager (Male) |
| 17:20 | Create | Villager (Male) |
| 17:24 | Create | Mangonel |
| 17:39 | Create | Villager (Male) |
| 17:48 | Create | Janissary |
| 18:51 | Create | Villager (Male) |
| 18:52 | Create | Villager (Male) |
| 18:52 | Create | Villager (Male) |
| 19:07 | Create | Mangonel |
| 19:12 | Create | Janissary |
| 19:18 | Create | Villager (Male) |
| 19:29 | Build | Farm |
| 19:30 | Build | Farm |
| 19:34 | Build | Farm |
| 19:35 | Build | Farm |
| 19:39 | Create | Janissary |
| 19:48 | Create | Mangonel |
| 19:49 | Create | Mangonel |
| 19:52 | Build | Farm |
| 20:07 | Build | Outpost |
| 20:36 | Create | Janissary |
| 20:38 | Create | Villager (Male) |
| 20:39 | Create | Villager (Male) |
| 20:39 | Create | Villager (Male) |
| 21:06 | Create | Janissary |
| 21:16 | Create | Janissary |
| 21:19 | Create | Villager (Male) |
| 21:19 | Create | Villager (Male) |
| 21:21 | Build | Farm |
| 21:22 | Build | Farm |
| 21:23 | Build | Farm |
| 21:25 | Build | Farm |
| 21:41 | Build | Outpost |
| 21:45 | Create | Janissary |
| 21:46 | Create | Villager (Male) |
| 21:47 | Create | Villager (Male) |
| 21:50 | Build | Farm |
| 21:51 | Build | House |
| 21:52 | Build | House |
| 21:53 | Build | House |
| 22:00 | Create | Janissary |
| 22:01 | Create | Janissary |
| 23:54 | Create | Janissary |
| 23:54 | Create | Janissary |
| 23:54 | Create | Villager (Male) |
| 23:55 | Create | Villager (Male) |
| 23:55 | Create | Villager (Male) |
| 23:55 | Create | Villager (Male) |
| 23:57 | Build | Farm |
| 23:57 | Build | Farm |
| 23:57 | Build | Farm |
| 23:57 | Build | Farm |
| 24:10 | Create | Janissary |
| 24:10 | Create | Janissary |
| 24:13 | Build | Outpost |
| 24:19 | Create | Janissary |
| 24:23 | Research | Padded Archer Armor |
| 24:41 | Create | Janissary |
| 24:52 | Build | Outpost |
| 25:02 | Build | Outpost |
| 25:16 | Create | Mangonel |
| 25:17 | Create | Janissary |
| 25:18 | Create | Villager (Male) |
| 25:18 | Create | Villager (Male) |
| 25:25 | Research | Gold Mining |
| 25:50 | Create | Janissary |
| 25:50 | Create | Janissary |
| 25:51 | Create | Janissary |
| 25:54 | Create | Mangonel |
| 26:06 | Build | House |
| 26:18 | Build | Outpost |
| 26:47 | Create | Janissary |
| 26:48 | Create | Janissary |
| 26:50 | Create | Mangonel |
| 27:24 | Create | Janissary |
| 27:24 | Create | Janissary |
| 27:29 | Create | Villager (Male) |
| 27:30 | Create | Villager (Male) |
| 27:30 | Create | Villager (Male) |
| 27:35 | Build | House |
Build order — SimoniacJewel88
First 150 of 429 actions detected
| 0:01 | Research | Loom |
| 0:03 | Build | House |
| 0:05 | Create | Villager (Male) |
| 0:05 | Create | Villager (Male) |
| 0:12 | Build | House |
| 0:29 | Build | House |
| 0:30 | Build | House |
| 0:32 | Create | Villager (Male) |
| 1:25 | Build | Lumber Camp |
| 1:32 | Create | Villager (Male) |
| 2:10 | Create | Villager (Male) |
| 2:10 | Create | Villager (Male) |
| 2:16 | Create | Villager (Male) |
| 2:16 | Create | Villager (Male) |
| 2:46 | Create | Villager (Male) |
| 3:11 | Create | Villager (Male) |
| 3:11 | Create | Villager (Male) |
| 3:29 | Create | Villager (Male) |
| 3:56 | Create | Villager (Male) |
| 3:56 | Create | Villager (Male) |
| 4:16 | Create | Villager (Male) |
| 4:16 | Create | Villager (Male) |
| 4:37 | Create | Villager (Male) |
| 5:36 | Create | Villager (Male) |
| 5:36 | Create | Villager (Male) |
| 5:44 | Build | Mill |
| 5:52 | Create | Villager (Male) |
| 5:57 | Create | Villager (Male) |
| 5:57 | Create | Villager (Male) |
| 6:16 | Create | Villager (Male) |
| 6:40 | Build | Mill |
| 7:13 | Create | Villager (Male) |
| 7:58 | Research | Feudal Age |
| 8:32 | Create | Villager (Male) |
| 9:12 | Create | Villager (Male) |
| 10:13 | Build | House |
| 10:31 | Build | Farm |
| 10:32 | Build | Farm |
| 10:39 | Create | Villager (Male) |
| 10:41 | Age | Feudal Age |
| 10:44 | Create | Villager (Male) |
| 10:46 | Build | Market |
| 10:58 | Research | Double-Bit Axe |
| 11:49 | Build | Blacksmith |
| 12:18 | Build | Mining Camp |
| 12:40 | Create | Villager (Male) |
| 12:52 | Create | Villager (Male) |
| 13:05 | Research | Castle Age |
| 13:20 | Build | House |
| 13:40 | Create | Villager (Male) |
| 13:57 | Build | House |
| 14:13 | Build | Lumber Camp |
| 14:47 | Build | Palisade Gate |
| 15:23 | Create | Villager (Male) |
| 15:30 | Build | Palisade Gate |
| 15:43 | Create | Villager (Male) |
| 15:47 | Age | Castle Age |
| 15:51 | Build | Siege Workshop |
| 15:57 | Create | Villager (Male) |
| 16:01 | Create | Villager (Male) |
| 16:03 | Build | Town Center |
| 16:20 | Create | Mangonel |
| 16:29 | Build | House |
| 16:47 | Build | Stone Wall |
| 16:55 | Create | Villager (Male) |
| 16:59 | Create | Villager (Male) |
| 17:07 | Create | Mangonel |
| 17:20 | Build | House |
| 17:36 | Create | Villager (Male) |
| 18:02 | Create | Villager (Male) |
| 18:10 | Create | Villager (Male) |
| 18:13 | Create | Villager (Male) |
| 18:19 | Build | Mining Camp |
| 18:25 | Create | Villager (Male) |
| 18:51 | Create | Villager (Male) |
| 18:51 | Create | Villager (Male) |
| 19:01 | Create | Villager (Male) |
| 19:16 | Build | Farm |
| 19:18 | Build | Farm |
| 19:19 | Build | Farm |
| 19:19 | Build | Farm |
| 19:22 | Build | Farm |
| 19:28 | Build | Farm |
| 19:35 | Build | Farm |
| 19:38 | Build | Farm |
| 19:41 | Build | Town Center |
| 19:46 | Build | House |
| 19:46 | Build | House |
| 19:47 | Build | House |
| 19:52 | Build | Farm |
| 19:53 | Build | Farm |
| 19:55 | Build | Farm |
| 19:56 | Build | Farm |
| 19:59 | Create | Villager (Male) |
| 20:00 | Create | Villager (Male) |
| 20:19 | Build | Barracks |
| 20:22 | Create | Villager (Male) |
| 20:29 | Create | Villager (Male) |
| 20:36 | Build | Farm |
| 20:40 | Build | Farm |
| 20:47 | Create | Villager (Male) |
| 20:57 | Create | Villager (Male) |
| 20:59 | Build | Farm |
| 21:02 | Build | Farm |
| 21:06 | Build | Farm |
| 21:07 | Create | Villager (Male) |
| 21:09 | Build | Farm |
| 21:10 | Build | Farm |
| 21:12 | Build | Farm |
| 21:13 | Build | Farm |
| 21:17 | Build | Farm |
| 21:21 | Create | Villager (Male) |
| 21:25 | Build | Farm |
| 21:29 | Build | Farm |
| 21:40 | Create | Villager (Male) |
| 21:45 | Create | Villager (Male) |
| 21:48 | Create | Villager (Male) |
| 21:52 | Build | Farm |
| 21:53 | Create | Villager (Male) |
| 21:57 | Build | Farm |
| 22:00 | Build | Farm |
| 22:04 | Build | Farm |
| 22:05 | Build | Farm |
| 22:09 | Research | Horse Collar |
| 22:12 | Create | Villager (Male) |
| 22:23 | Create | Villager (Male) |
| 22:24 | Create | Villager (Male) |
| 22:33 | Create | Villager (Male) |
| 22:33 | Create | Villager (Male) |
| 22:43 | Create | Villager (Male) |
| 22:46 | Build | Farm |
| 22:48 | Create | Villager (Male) |
| 22:50 | Create | Villager (Male) |
| 22:52 | Build | Town Center |
| 22:55 | Create | Villager (Male) |
| 22:58 | Build | House |
| 22:59 | Build | House |
| 23:02 | Create | Villager (Male) |
| 23:05 | Create | Villager (Male) |
| 23:11 | Create | Villager (Male) |
| 23:19 | Create | Villager (Male) |
| 23:31 | Create | Villager (Male) |
| 23:31 | Create | Villager (Male) |
| 23:34 | Create | Villager (Male) |
| 23:41 | Research | Gold Mining |
| 23:42 | Research | Stone Mining |
| 23:46 | Research | Wheelbarrow |
| 23:47 | Create | Villager (Male) |
| 23:47 | Create | Villager (Male) |
| 23:47 | Create | Villager (Male) |
Build order — Cono | Gatti
First 150 of 183 actions detected
| 0:01 | Create | Villager (Male) |
| 0:03 | Build | House |
| 0:05 | Build | House |
| 0:06 | Create | Villager (Male) |
| 0:10 | Create | Villager (Male) |
| 0:23 | Create | Villager (Male) |
| 1:23 | Create | Villager (Male) |
| 1:46 | Build | Lumber Camp |
| 2:00 | Create | Villager (Male) |
| 2:01 | Create | Villager (Male) |
| 2:14 | Create | Villager (Male) |
| 2:43 | Create | Villager (Male) |
| 3:10 | Create | Villager (Male) |
| 3:40 | Build | House |
| 3:48 | Create | Villager (Male) |
| 3:48 | Create | Villager (Male) |
| 3:49 | Create | Villager (Male) |
| 4:16 | Create | Villager (Male) |
| 4:34 | Create | Villager (Male) |
| 4:53 | Create | Villager (Male) |
| 5:24 | Create | Villager (Male) |
| 5:32 | Research | Loom |
| 6:18 | Build | Mining Camp |
| 6:58 | Research | Feudal Age |
| 8:17 | Build | House |
| 8:38 | Create | Villager (Male) |
| 9:08 | Age | Feudal Age |
| 9:15 | Build | Watch Tower |
| 9:16 | Create | Villager (Male) |
| 9:31 | Research | Double-Bit Axe |
| 10:10 | Create | Villager (Male) |
| 10:19 | Build | Mill |
| 10:20 | Create | Villager (Male) |
| 11:05 | Build | Watch Tower |
| 11:06 | Create | Villager (Male) |
| 12:36 | Create | Villager (Male) |
| 12:37 | Create | Villager (Male) |
| 12:46 | Build | Farm |
| 12:48 | Build | Farm |
| 12:49 | Build | Farm |
| 13:13 | Build | Watch Tower |
| 13:15 | Create | Villager (Male) |
| 13:32 | Create | Villager (Male) |
| 13:50 | Build | House |
| 14:03 | Create | Villager (Male) |
| 14:08 | Build | House |
| 15:08 | Create | Villager (Male) |
| 16:01 | Build | Watch Tower |
| 16:09 | Build | Palisade Gate |
| 16:12 | Create | Villager (Male) |
| 16:16 | Build | Farm |
| 16:32 | Create | Villager (Male) |
| 16:46 | Build | Palisade Wall |
| 16:50 | Build | Palisade Wall |
| 17:02 | Build | House |
| 17:07 | Create | Villager (Male) |
| 17:13 | Build | Farm |
| 17:21 | Build | Mining Camp |
| 17:34 | Create | Villager (Male) |
| 17:51 | Create | Villager (Male) |
| 17:55 | Build | Farm |
| 17:57 | Build | Farm |
| 17:57 | Build | Farm |
| 17:57 | Build | Farm |
| 17:58 | Build | Farm |
| 17:58 | Build | Farm |
| 17:58 | Build | Farm |
| 17:59 | Build | Farm |
| 17:59 | Build | Farm |
| 17:59 | Build | Farm |
| 18:00 | Build | Farm |
| 18:01 | Create | Villager (Male) |
| 18:07 | Create | Villager (Male) |
| 18:11 | Build | Farm |
| 18:18 | Create | Villager (Male) |
| 18:39 | Create | Villager (Male) |
| 18:52 | Build | Market |
| 19:39 | Create | Villager (Male) |
| 19:44 | Build | Farm |
| 20:22 | Build | Blacksmith |
| 20:25 | Create | Villager (Male) |
| 20:36 | Create | Villager (Male) |
| 20:41 | Build | Farm |
| 20:44 | Research | Horse Collar |
| 20:58 | Research | Town Watch |
| 21:12 | Create | Villager (Male) |
| 21:17 | Research | Castle Age |
| 21:31 | Create | Villager (Male) |
| 21:58 | Research | Gold Mining |
| 22:15 | Build | House |
| 22:18 | Create | Villager (Male) |
| 22:31 | Build | House |
| 23:16 | Build | House |
| 24:03 | Age | Castle Age |
| 24:08 | Build | Siege Workshop |
| 24:18 | Create | Villager (Male) |
| 24:31 | Create | Villager (Male) |
| 24:37 | Build | University |
| 24:46 | Build | House |
| 25:03 | Create | Mangonel |
| 25:04 | Create | Mangonel |
| 25:07 | Create | Villager (Male) |
| 25:15 | Build | Lumber Camp |
| 25:28 | Create | Villager (Male) |
| 25:41 | Build | Palisade Wall |
| 26:05 | Build | Palisade Wall |
| 26:16 | Create | Mangonel |
| 26:17 | Create | Mangonel |
| 26:40 | Research | Bow Saw |
| 26:55 | Create | Villager (Male) |
| 27:11 | Create | Mangonel |
| 27:22 | Build | House |
| 27:26 | Build | House |
| 27:28 | Build | House |
| 27:29 | Build | House |
| 27:33 | Create | Villager (Male) |
| 27:34 | Create | Villager (Male) |
| 27:38 | Research | Wheelbarrow |
| 28:10 | Build | Castle |
| 28:14 | Create | Villager (Male) |
| 28:57 | Research | Scale Mail Armor |
| 29:11 | Create | Villager (Male) |
| 29:17 | Build | Lumber Camp |
| 29:20 | Create | Villager (Male) |
| 29:33 | Build | Farm |
| 29:34 | Create | Villager (Male) |
| 29:58 | Create | Villager (Male) |
| 30:16 | Build | Farm |
| 30:16 | Build | Farm |
| 30:16 | Build | Farm |
| 30:17 | Build | Farm |
| 30:17 | Create | Villager (Male) |
| 30:27 | Build | Farm |
| 30:27 | Build | Farm |
| 30:28 | Build | Farm |
| 30:28 | Build | Farm |
| 30:28 | Build | Farm |
| 30:29 | Build | Farm |
| 30:29 | Build | Farm |
| 30:35 | Build | Mining Camp |
| 30:36 | Create | Villager (Male) |
| 30:57 | Create | Battering Ram |
| 30:57 | Create | Battering Ram |
| 31:04 | Build | Siege Workshop |
| 31:07 | Create | Villager (Male) |
| 31:17 | Create | Villager (Male) |
| 31:38 | Research | Masonry |
| 31:43 | Build | Monastery |
| 32:01 | Create | Battering Ram |
| 32:02 | Create | Battering Ram |
Build order — MZTK | Only wall
First 150 of 418 actions detected
| 0:00 | Create | Villager (Male) |
| 0:01 | Create | Villager (Male) |
| 0:01 | Create | Villager (Male) |
| 0:03 | Build | House |
| 0:05 | Build | House |
| 0:13 | Create | Villager (Male) |
| 1:18 | Create | Villager (Male) |
| 1:44 | Create | Villager (Male) |
| 1:53 | Build | Lumber Camp |
| 1:57 | Create | Villager (Male) |
| 2:28 | Create | Villager (Male) |
| 2:37 | Create | Villager (Male) |
| 3:02 | Create | Villager (Male) |
| 3:15 | Create | Villager (Male) |
| 3:41 | Create | Villager (Male) |
| 3:51 | Build | House |
| 3:52 | Build | House |
| 4:08 | Create | Villager (Male) |
| 4:21 | Create | Villager (Male) |
| 5:02 | Build | Mill |
| 5:10 | Create | Villager (Male) |
| 5:19 | Create | Villager (Male) |
| 5:19 | Create | Villager (Male) |
| 5:26 | Build | Mill |
| 5:48 | Create | Villager (Male) |
| 6:02 | Create | Villager (Male) |
| 6:09 | Create | Villager (Male) |
| 7:24 | Research | Feudal Age |
| 9:15 | Research | Loom |
| 9:40 | Age | Feudal Age |
| 9:48 | Build | Market |
| 9:52 | Build | Blacksmith |
| 10:24 | Build | Stone Wall |
| 11:13 | Build | Stone Wall |
| 11:19 | Research | Castle Age |
| 13:05 | Build | Farm |
| 13:06 | Build | Farm |
| 13:07 | Build | Farm |
| 13:31 | Build | Farm |
| 13:32 | Research | Double-Bit Axe |
| 13:32 | Research | Double-Bit Axe |
| 13:35 | Research | Horse Collar |
| 13:38 | Create | Villager (Male) |
| 13:59 | Age | Castle Age |
| 14:15 | Build | Town Center |
| 14:19 | Create | Villager (Male) |
| 14:42 | Build | House |
| 14:44 | Build | House |
| 14:45 | Build | House |
| 14:52 | Create | Villager (Male) |
| 15:11 | Create | Villager (Male) |
| 15:21 | Build | Town Center |
| 15:33 | Create | Villager (Male) |
| 15:45 | Create | Villager (Male) |
| 15:48 | Build | Farm |
| 15:50 | Build | Farm |
| 15:56 | Create | Villager (Male) |
| 16:01 | Build | House |
| 16:02 | Build | House |
| 16:06 | Create | Villager (Male) |
| 16:24 | Create | Villager (Male) |
| 16:27 | Build | Farm |
| 16:30 | Create | Villager (Male) |
| 16:35 | Create | Villager (Male) |
| 16:35 | Create | Villager (Male) |
| 16:50 | Create | Villager (Male) |
| 16:55 | Build | Farm |
| 17:12 | Build | Farm |
| 17:13 | Build | Farm |
| 17:18 | Build | Farm |
| 17:19 | Create | Villager (Male) |
| 17:34 | Build | Farm |
| 17:40 | Create | Villager (Male) |
| 17:45 | Build | Farm |
| 17:52 | Build | Farm |
| 17:53 | Create | Villager (Male) |
| 18:04 | Create | Villager (Male) |
| 18:04 | Create | Villager (Male) |
| 18:04 | Create | Villager (Male) |
| 18:16 | Build | Farm |
| 18:17 | Build | Farm |
| 18:19 | Create | Villager (Male) |
| 18:35 | Create | Villager (Male) |
| 18:39 | Build | Farm |
| 18:49 | Create | Villager (Male) |
| 18:51 | Build | Farm |
| 19:01 | Build | Farm |
| 19:02 | Create | Villager (Male) |
| 19:03 | Create | Villager (Male) |
| 19:05 | Create | Villager (Male) |
| 19:05 | Create | Villager (Male) |
| 19:14 | Create | Villager (Male) |
| 19:18 | Build | Farm |
| 19:23 | Build | Farm |
| 19:30 | Build | House |
| 19:31 | Build | House |
| 19:34 | Create | Villager (Male) |
| 19:40 | Create | Villager (Male) |
| 19:40 | Create | Villager (Male) |
| 19:40 | Create | Villager (Male) |
| 19:43 | Create | Villager (Male) |
| 20:09 | Build | Town Center |
| 20:15 | Create | Villager (Male) |
| 20:15 | Create | Villager (Male) |
| 20:16 | Create | Villager (Male) |
| 20:21 | Build | House |
| 20:35 | Create | Villager (Male) |
| 20:46 | Create | Villager (Male) |
| 20:52 | Create | Villager (Male) |
| 20:58 | Build | Farm |
| 20:58 | Build | Farm |
| 20:59 | Build | Farm |
| 20:59 | Build | Farm |
| 21:00 | Build | Farm |
| 21:01 | Build | Farm |
| 21:01 | Build | Farm |
| 21:02 | Build | Farm |
| 21:02 | Build | Farm |
| 21:02 | Build | Farm |
| 21:03 | Build | Farm |
| 21:03 | Build | Farm |
| 21:03 | Build | Farm |
| 21:04 | Build | Farm |
| 21:04 | Build | Farm |
| 21:04 | Build | Farm |
| 21:04 | Build | Farm |
| 21:05 | Build | Farm |
| 21:05 | Build | Farm |
| 21:07 | Create | Villager (Male) |
| 21:07 | Create | Villager (Male) |
| 21:07 | Create | Villager (Male) |
| 21:19 | Create | Villager (Male) |
| 21:30 | Create | Villager (Male) |
| 21:39 | Build | Farm |
| 21:39 | Build | Farm |
| 21:39 | Build | Farm |
| 21:40 | Build | Farm |
| 21:48 | Create | Villager (Male) |
| 22:00 | Create | Villager (Male) |
| 22:00 | Create | Villager (Male) |
| 22:02 | Create | Villager (Male) |
| 22:02 | Create | Villager (Male) |
| 22:03 | Create | Villager (Male) |
| 22:05 | Create | Villager (Male) |
| 22:13 | Research | Bow Saw |
| 22:14 | Research | Bow Saw |
| 22:27 | Create | Villager (Male) |
| 22:27 | Create | Villager (Male) |
| 22:32 | Create | Villager (Male) |
| 22:33 | Create | Villager (Male) |
Build order — NO_AFK_PLZ:(
First 150 of 440 actions detected
| 0:01 | Create | Villager (Male) |
| 0:03 | Build | House |
| 0:04 | Build | House |
| 0:20 | Create | Villager (Male) |
| 0:20 | Create | Villager (Male) |
| 0:20 | Create | Villager (Male) |
| 1:23 | Create | Villager (Male) |
| 1:46 | Build | Lumber Camp |
| 2:01 | Create | Villager (Male) |
| 2:02 | Create | Villager (Male) |
| 2:18 | Create | Villager (Male) |
| 2:48 | Create | Villager (Male) |
| 3:09 | Create | Villager (Male) |
| 3:09 | Create | Villager (Male) |
| 3:25 | Build | House |
| 3:27 | Build | House |
| 3:32 | Create | Villager (Male) |
| 3:54 | Create | Villager (Male) |
| 4:08 | Create | Villager (Male) |
| 4:27 | Create | Villager (Male) |
| 4:45 | Create | Villager (Male) |
| 5:09 | Create | Villager (Male) |
| 5:36 | Create | Villager (Male) |
| 6:06 | Create | Villager (Male) |
| 6:47 | Create | Villager (Male) |
| 6:48 | Create | Villager (Male) |
| 7:09 | Build | Mining Camp |
| 7:12 | Research | Loom |
| 7:50 | Build | Lumber Camp |
| 7:55 | Research | Feudal Age |
| 8:11 | Build | Mill |
| 8:38 | Create | Villager (Male) |
| 8:41 | Create | Villager (Male) |
| 8:47 | Build | Barracks |
| 9:38 | Create | Villager (Male) |
| 10:06 | Build | House |
| 10:28 | Build | House |
| 10:31 | Age | Feudal Age |
| 10:36 | Build | Archery Range |
| 10:38 | Build | Archery Range |
| 10:50 | Research | Double-Bit Axe |
| 10:54 | Build | House |
| 11:12 | Build | House |
| 11:16 | Create | Villager (Male) |
| 11:35 | Create | Archer |
| 11:35 | Create | Archer |
| 11:44 | Build | House |
| 11:47 | Create | Villager (Male) |
| 11:50 | Build | Farm |
| 11:51 | Build | Farm |
| 11:59 | Build | Farm |
| 12:01 | Create | Villager (Male) |
| 12:13 | Create | Archer |
| 12:13 | Create | Archer |
| 12:14 | Create | Archer |
| 12:15 | Create | Archer |
| 12:15 | Create | Archer |
| 12:22 | Build | House |
| 12:27 | Create | Villager (Male) |
| 12:32 | Build | Farm |
| 12:49 | Create | Villager (Male) |
| 12:51 | Create | Archer |
| 12:51 | Create | Archer |
| 12:55 | Build | House |
| 12:57 | Build | House |
| 13:02 | Create | Archer |
| 13:44 | Create | Archer |
| 13:46 | Create | Archer |
| 13:47 | Create | Villager (Male) |
| 13:49 | Build | Farm |
| 13:50 | Build | Farm |
| 14:06 | Create | Archer |
| 14:06 | Create | Archer |
| 14:17 | Create | Villager (Male) |
| 14:18 | Create | Villager (Male) |
| 14:20 | Build | Farm |
| 14:21 | Create | Villager (Male) |
| 14:25 | Build | Farm |
| 15:00 | Create | Archer |
| 15:09 | Build | Farm |
| 15:10 | Create | Villager (Male) |
| 15:13 | Build | Farm |
| 15:24 | Create | Archer |
| 15:26 | Create | Villager (Male) |
| 15:30 | Build | Blacksmith |
| 15:44 | Create | Archer |
| 16:01 | Create | Villager (Male) |
| 16:03 | Build | Mining Camp |
| 16:28 | Create | Archer |
| 16:35 | Create | Archer |
| 16:41 | Create | Villager (Male) |
| 16:43 | Research | Castle Age |
| 17:06 | Research | Gold Mining |
| 17:50 | Research | Fletching |
| 17:51 | Research | Padded Archer Armor |
| 17:59 | Create | Archer |
| 18:07 | Create | Archer |
| 18:08 | Create | Villager (Male) |
| 18:14 | Build | Lumber Camp |
| 18:16 | Create | Archer |
| 18:35 | Create | Archer |
| 18:39 | Create | Archer |
| 19:09 | Create | Archer |
| 19:12 | Create | Archer |
| 19:13 | Create | Villager (Male) |
| 19:22 | Build | House |
| 19:22 | Build | House |
| 19:23 | Build | House |
| 19:44 | Create | Archer |
| 19:44 | Create | Archer |
| 19:52 | Age | Castle Age |
| 19:56 | Research | Crossbowman (upgrade) |
| 20:07 | Build | Town Center |
| 20:10 | Research | Bow Saw |
| 20:27 | Create | Archer |
| 20:27 | Create | Archer |
| 20:29 | Create | Villager (Male) |
| 20:46 | Create | Villager (Male) |
| 20:51 | Create | Villager (Male) |
| 20:56 | Build | Farm |
| 21:00 | Create | Villager (Male) |
| 21:01 | Create | Villager (Male) |
| 21:05 | Build | House |
| 21:06 | Build | House |
| 21:07 | Create | Archer |
| 21:07 | Create | Archer |
| 21:09 | Create | Archer |
| 21:26 | Create | Archer |
| 21:27 | Create | Archer |
| 21:41 | Create | Archer |
| 21:44 | Create | Archer |
| 21:48 | Create | Archer |
| 21:50 | Create | Archer |
| 21:53 | Build | House |
| 21:54 | Build | House |
| 21:55 | Create | Villager (Male) |
| 21:55 | Create | Villager (Male) |
| 22:04 | Build | University |
| 22:17 | Create | Archer |
| 22:26 | Create | Villager (Male) |
| 22:29 | Build | Farm |
| 22:32 | Create | Villager (Male) |
| 22:34 | Create | Archer |
| 22:44 | Create | Archer |
| 22:44 | Create | Archer |
| 22:45 | Create | Villager (Male) |
| 22:55 | Create | Archer |
| 23:04 | Build | Archery Range |
| 23:05 | Create | Villager (Male) |
| 23:09 | Build | House |
Build order — Cono | Acr1
First 150 of 273 actions detected
| 0:01 | Create | Villager (Male) |
| 0:01 | Create | Villager (Male) |
| 0:01 | Create | Villager (Male) |
| 0:03 | Build | House |
| 0:04 | Build | House |
| 0:26 | Create | Villager (Male) |
| 0:27 | Create | Villager (Male) |
| 0:27 | Create | Villager (Male) |
| 1:25 | Create | Villager (Male) |
| 1:46 | Build | Lumber Camp |
| 2:00 | Create | Villager (Male) |
| 2:00 | Create | Villager (Male) |
| 2:22 | Create | Villager (Male) |
| 2:48 | Create | Villager (Male) |
| 3:09 | Create | Villager (Male) |
| 3:27 | Build | Mill |
| 3:35 | Create | Villager (Male) |
| 3:35 | Create | Villager (Male) |
| 3:35 | Create | Villager (Male) |
| 3:35 | Create | Villager (Male) |
| 3:35 | Create | Villager (Male) |
| 4:00 | Create | Villager (Male) |
| 4:00 | Create | Villager (Male) |
| 4:12 | Build | House |
| 4:12 | Build | House |
| 4:14 | Build | House |
| 4:18 | Build | House |
| 4:22 | Create | Villager (Male) |
| 4:57 | Create | Villager (Male) |
| 4:57 | Create | Villager (Male) |
| 5:23 | Create | Villager (Male) ×2 |
| 5:50 | Build | Mill |
| 5:57 | Create | Villager (Male) |
| 6:11 | Create | Villager (Male) |
| 6:59 | Create | Villager (Male) |
| 7:00 | Create | Villager (Male) |
| 7:00 | Create | Villager (Male) |
| 7:00 | Create | Villager (Male) |
| 7:13 | Create | Villager (Male) ×3 |
| 7:32 | Build | Farm |
| 7:32 | Build | Farm |
| 7:33 | Build | Farm |
| 7:34 | Create | Villager (Male) ×3 |
| 8:22 | Build | Mining Camp |
| 9:10 | Build | Mining Camp |
| 9:13 | Research | Feudal Age |
| 9:46 | Create | Villager (Male) |
| 9:47 | Create | Villager (Male) |
| 11:23 | Age | Feudal Age |
| 11:27 | Build | Market |
| 11:58 | Build | Blacksmith |
| 12:07 | Build | Farm |
| 12:28 | Research | Castle Age |
| 12:28 | Research | Castle Age |
| 12:28 | Research | Castle Age |
| 12:57 | Build | Farm |
| 13:04 | Research | Double-Bit Axe |
| 13:04 | Research | Double-Bit Axe |
| 13:25 | Build | Farm |
| 13:30 | Build | Farm |
| 13:56 | Build | House |
| 13:57 | Build | House |
| 13:58 | Build | House |
| 14:19 | Create | Villager (Male) |
| 14:28 | Research | Horse Collar |
| 14:28 | Research | Horse Collar |
| 14:29 | Research | Horse Collar |
| 15:08 | Age | Castle Age |
| 15:15 | Create | Villager (Male) |
| 15:22 | Build | Castle |
| 15:46 | Create | Villager (Male) |
| 15:58 | Research | Bow Saw |
| 15:59 | Create | Villager (Male) |
| 16:38 | Create | Villager (Male) |
| 16:40 | Create | Conquistador |
| 16:40 | Create | Conquistador |
| 16:47 | Build | Farm |
| 16:48 | Build | Farm |
| 16:49 | Build | Farm |
| 16:56 | Build | Farm |
| 17:09 | Create | Conquistador |
| 17:11 | Create | Villager (Male) |
| 17:16 | Build | Farm |
| 17:21 | Build | Farm |
| 17:22 | Create | Villager (Male) |
| 17:29 | Create | Conquistador |
| 17:44 | Create | Conquistador |
| 18:06 | Create | Conquistador |
| 18:13 | Research | Padded Archer Armor |
| 18:25 | Create | Villager (Male) |
| 18:25 | Create | Villager (Male) |
| 18:29 | Build | Farm |
| 18:32 | Build | Farm |
| 18:38 | Create | Conquistador |
| 18:39 | Create | Conquistador |
| 19:13 | Research | Leather Archer Armor |
| 19:13 | Research | Leather Archer Armor |
| 19:22 | Create | Villager (Male) |
| 19:35 | Create | Villager (Male) |
| 20:05 | Create | Conquistador |
| 20:05 | Create | Conquistador |
| 20:13 | Build | Farm |
| 20:14 | Build | Farm |
| 20:16 | Build | Farm |
| 20:16 | Create | Villager (Male) |
| 20:39 | Create | Conquistador |
| 20:39 | Create | Conquistador |
| 20:49 | Create | Villager (Male) ×2 |
| 21:20 | Create | Conquistador |
| 21:20 | Create | Conquistador |
| 21:27 | Create | Conquistador |
| 21:27 | Create | Conquistador |
| 21:28 | Create | Conquistador |
| 21:34 | Create | Villager (Male) |
| 21:58 | Create | Villager (Male) ×3 |
| 22:11 | Build | Barracks |
| 22:24 | Create | Conquistador |
| 22:25 | Create | Conquistador |
| 23:08 | Create | Conquistador |
| 23:08 | Create | Conquistador |
| 23:09 | Create | Villager (Male) ×3 |
| 23:29 | Create | Villager (Male) |
| 23:37 | Build | Castle |
| 23:38 | Build | Mining Camp |
| 23:40 | Create | Conquistador |
| 23:43 | Create | Conquistador |
| 23:43 | Create | Conquistador |
| 24:15 | Create | Conquistador |
| 24:15 | Create | Conquistador |
| 24:15 | Create | Conquistador |
| 24:30 | Create | Villager (Male) ×2 |
| 25:14 | Build | House |
| 25:14 | Build | House |
| 25:15 | Build | House |
| 25:15 | Build | House |
| 25:20 | Create | Conquistador |
| 25:20 | Create | Conquistador |
| 25:22 | Create | Villager (Male) ×2 |
| 25:56 | Build | Stable |
| 26:28 | Create | Conquistador |
| 26:29 | Create | Conquistador |
| 26:43 | Create | Conquistador |
| 26:43 | Create | Conquistador |
| 26:43 | Create | Conquistador |
| 26:44 | Create | Conquistador |
| 26:49 | Create | Villager (Male) |
| 27:06 | Build | Farm |
| 27:06 | Build | Farm |
| 27:07 | Build | Farm |
| 27:07 | Build | Farm |
Build order — 拳斗部诗人—菜桑
First 150 of 300 actions detected
| 0:02 | Create | Villager (Male) |
| 0:02 | Create | Villager (Male) |
| 0:03 | Build | House |
| 0:06 | Build | House |
| 0:34 | Create | Villager (Male) |
| 0:34 | Create | Villager (Male) |
| 0:35 | Create | Villager (Male) |
| 1:27 | Create | Villager (Male) |
| 2:10 | Create | Villager (Male) |
| 2:11 | Create | Villager (Male) |
| 2:29 | Create | Villager (Male) |
| 2:29 | Create | Villager (Male) |
| 2:42 | Build | Lumber Camp |
| 3:14 | Create | Villager (Male) |
| 3:14 | Create | Villager (Male) |
| 3:14 | Create | Villager (Male) |
| 3:59 | Create | Villager (Male) |
| 4:00 | Create | Villager (Male) |
| 4:01 | Create | Villager (Male) |
| 4:22 | Build | House |
| 4:42 | Create | Villager (Male) |
| 4:59 | Build | Mill |
| 5:19 | Create | Villager (Male) |
| 5:19 | Create | Villager (Male) |
| 5:41 | Build | Farm |
| 5:46 | Create | Villager (Male) |
| 5:48 | Build | House |
| 6:05 | Create | Villager (Male) |
| 6:19 | Build | Farm |
| 7:02 | Create | Villager (Male) |
| 7:03 | Create | Villager (Male) |
| 7:03 | Create | Villager (Male) |
| 7:03 | Create | Villager (Male) |
| 7:04 | Create | Villager (Male) |
| 7:04 | Create | Villager (Male) |
| 8:30 | Build | Mill |
| 8:59 | Research | Feudal Age |
| 8:59 | Research | Feudal Age |
| 9:07 | Build | Mining Camp |
| 9:44 | Build | House |
| 10:23 | Create | Villager (Male) |
| 10:23 | Create | Villager (Male) |
| 11:14 | Age | Feudal Age |
| 11:18 | Build | Market |
| 11:23 | Build | Blacksmith |
| 11:54 | Research | Double-Bit Axe |
| 11:54 | Research | Double-Bit Axe |
| 12:18 | Research | Castle Age |
| 12:18 | Research | Castle Age |
| 12:35 | Build | Lumber Camp |
| 12:55 | Research | Horse Collar |
| 12:56 | Research | Horse Collar |
| 14:05 | Build | Mining Camp |
| 14:42 | Create | Villager (Male) |
| 14:42 | Create | Villager (Male) |
| 14:57 | Build | Barracks |
| 14:58 | Age | Castle Age |
| 15:05 | Build | Town Center |
| 15:50 | Create | Villager (Male) |
| 15:50 | Create | Villager (Male) |
| 15:51 | Create | Villager (Male) |
| 15:55 | Research | Bow Saw |
| 15:55 | Research | Bow Saw |
| 16:04 | Build | Archery Range |
| 16:21 | Create | Villager (Male) |
| 16:21 | Create | Villager (Male) |
| 16:26 | Research | Loom |
| 16:27 | Create | Villager (Male) |
| 16:42 | Build | Archery Range |
| 16:52 | Build | Siege Workshop |
| 16:56 | Build | House |
| 16:57 | Research | Crossbowman (upgrade) |
| 17:00 | Create | Villager (Male) |
| 17:13 | Build | Farm |
| 17:14 | Build | Farm |
| 17:26 | Build | Farm |
| 17:31 | Build | Farm |
| 17:36 | Create | Villager (Male) |
| 17:37 | Create | Villager (Male) |
| 17:42 | Build | Farm |
| 17:44 | Build | Farm |
| 17:49 | Create | Villager (Male) |
| 17:59 | Create | Mangonel |
| 17:59 | Create | Mangonel |
| 18:10 | Build | Farm |
| 18:17 | Create | Villager (Male) |
| 18:19 | Create | Archer |
| 18:20 | Create | Archer |
| 18:25 | Build | House |
| 18:28 | Build | House |
| 18:34 | Build | House |
| 18:35 | Build | House |
| 18:36 | Create | Villager (Male) |
| 18:50 | Create | Archer |
| 18:50 | Create | Archer |
| 18:54 | Research | Fletching |
| 18:54 | Research | Fletching |
| 19:06 | Create | Villager (Male) |
| 19:09 | Create | Archer |
| 19:09 | Create | Archer |
| 19:17 | Build | Farm |
| 19:18 | Build | Farm |
| 19:18 | Build | Farm |
| 19:23 | Build | Farm |
| 19:24 | Create | Villager (Male) |
| 19:26 | Build | Farm |
| 19:27 | Build | Farm |
| 19:40 | Create | Villager (Male) |
| 19:43 | Create | Archer |
| 19:44 | Create | Archer |
| 19:45 | Create | Villager (Male) |
| 19:51 | Build | University |
| 20:27 | Create | Villager (Male) |
| 20:29 | Create | Villager (Male) |
| 20:36 | Create | Mangonel |
| 20:36 | Create | Mangonel |
| 20:37 | Create | Villager (Male) |
| 20:42 | Create | Villager (Male) |
| 20:53 | Create | Villager (Male) |
| 20:57 | Create | Archer |
| 20:57 | Create | Archer |
| 21:00 | Build | Siege Workshop |
| 21:21 | Create | Villager (Male) |
| 21:33 | Create | Villager (Male) |
| 21:40 | Create | Villager (Male) |
| 21:44 | Create | Mangonel |
| 21:52 | Build | Market |
| 21:53 | Build | House |
| 21:53 | Build | House |
| 21:55 | Build | House |
| 21:55 | Build | House |
| 21:56 | Build | House |
| 21:57 | Create | Archer |
| 21:57 | Create | Archer |
| 21:57 | Create | Archer |
| 21:58 | Create | Villager (Male) |
| 22:11 | Build | Blacksmith |
| 22:11 | Create | Villager (Male) |
| 22:24 | Create | Archer |
| 22:24 | Create | Archer |
| 22:59 | Create | Archer |
| 22:59 | Create | Archer |
| 23:00 | Create | Villager (Male) |
| 23:04 | Create | Villager (Male) |
| 23:05 | Create | Villager (Male) |
| 23:10 | Create | Villager (Male) |
| 23:10 | Create | Villager (Male) |
| 23:14 | Create | Villager (Male) |
| 23:32 | Create | Villager (Male) |
| 23:42 | Create | Villager (Male) |
Build order — Perro Viejo
First 150 of 275 actions detected
| 0:01 | Create | Villager (Male) |
| 0:03 | Build | House |
| 0:04 | Build | House |
| 0:05 | Create | Villager (Male) |
| 0:05 | Create | Villager (Male) |
| 0:06 | Create | Villager (Male) |
| 0:06 | Create | Villager (Male) |
| 1:19 | Create | Villager (Male) |
| 1:19 | Create | Villager (Male) |
| 1:19 | Create | Villager (Male) |
| 1:48 | Build | Lumber Camp |
| 2:10 | Create | Villager (Male) |
| 2:10 | Create | Villager (Male) |
| 2:52 | Create | Villager (Male) |
| 2:52 | Create | Villager (Male) |
| 3:13 | Create | Villager (Male) |
| 3:14 | Create | Villager (Male) |
| 3:39 | Create | Villager (Male) |
| 3:39 | Create | Villager (Male) |
| 3:39 | Create | Villager (Male) |
| 3:50 | Build | Mill |
| 3:54 | Create | Villager (Male) |
| 3:54 | Create | Villager (Male) |
| 3:55 | Create | Villager (Male) |
| 4:26 | Create | Villager (Male) |
| 4:27 | Create | Villager (Male) |
| 4:27 | Create | Villager (Male) |
| 4:27 | Create | Villager (Male) |
| 4:48 | Create | Villager (Male) |
| 4:48 | Create | Villager (Male) |
| 4:48 | Create | Villager (Male) |
| 4:55 | Build | House |
| 4:56 | Build | House |
| 5:05 | Create | Villager (Male) |
| 5:05 | Create | Villager (Male) |
| 5:32 | Create | Villager (Male) |
| 5:32 | Create | Villager (Male) |
| 5:32 | Create | Villager (Male) |
| 5:33 | Create | Villager (Male) |
| 6:11 | Create | Villager (Male) |
| 6:38 | Create | Villager (Male) |
| 6:38 | Create | Villager (Male) |
| 7:12 | Create | Villager (Male) |
| 7:12 | Create | Villager (Male) |
| 7:55 | Create | Villager (Male) |
| 7:55 | Create | Villager (Male) |
| 8:22 | Research | Feudal Age |
| 8:30 | Build | Farm |
| 8:34 | Build | Farm |
| 8:39 | Build | Farm |
| 8:51 | Build | Farm |
| 8:55 | Build | Farm |
| 9:32 | Build | Mining Camp |
| 10:01 | Create | Villager (Male) |
| 10:02 | Create | Villager (Male) |
| 10:35 | Age | Feudal Age |
| 10:40 | Build | Blacksmith |
| 10:42 | Build | Market |
| 10:56 | Build | Farm |
| 11:47 | Research | Castle Age |
| 12:33 | Research | Double-Bit Axe |
| 12:38 | Research | Horse Collar |
| 13:15 | Build | Barracks |
| 14:01 | Create | Villager (Male) |
| 14:01 | Create | Villager (Male) |
| 14:27 | Age | Castle Age |
| 14:38 | Build | Stable |
| 14:42 | Research | Heavy Plow |
| 14:49 | Build | House |
| 15:03 | Create | Villager (Male) |
| 15:33 | Research | Husbandry |
| 15:50 | Build | Stable |
| 15:55 | Create | Scout Cavalry |
| 16:02 | Research | Light Cavalry (upgrade) |
| 16:12 | Research | Light Cavalry (upgrade) |
| 16:13 | Create | Villager (Male) |
| 16:16 | Create | Villager (Male) |
| 16:19 | Build | Farm |
| 16:19 | Build | Farm |
| 16:19 | Build | Farm |
| 16:33 | Build | Mill |
| 16:39 | Create | Scout Cavalry |
| 16:48 | Create | Villager (Male) |
| 16:52 | Build | House |
| 16:53 | Build | House |
| 17:01 | Research | Bloodlines |
| 17:06 | Build | Farm |
| 17:06 | Build | Farm |
| 17:06 | Build | Farm |
| 17:12 | Build | Farm |
| 17:14 | Create | Villager (Male) |
| 17:25 | Build | Farm |
| 17:25 | Build | Farm |
| 17:48 | Create | Scout Cavalry |
| 17:48 | Create | Scout Cavalry |
| 17:52 | Create | Villager (Male) |
| 18:12 | Create | Villager (Male) |
| 18:19 | Create | Villager (Male) |
| 18:21 | Build | Farm |
| 18:30 | Build | Mill |
| 18:31 | Build | Farm |
| 18:31 | Build | Farm |
| 18:32 | Build | Farm |
| 18:33 | Build | Farm |
| 18:43 | Create | Scout Cavalry |
| 18:43 | Create | Scout Cavalry |
| 18:44 | Create | Scout Cavalry |
| 18:49 | Build | Farm |
| 19:03 | Build | Farm |
| 19:06 | Create | Villager (Male) |
| 19:09 | Create | Scout Cavalry |
| 19:09 | Create | Scout Cavalry |
| 19:25 | Create | Villager (Male) |
| 19:35 | Research | Loom |
| 19:55 | Create | Villager (Male) |
| 19:56 | Create | Scout Cavalry |
| 19:56 | Create | Scout Cavalry |
| 20:08 | Build | Farm |
| 20:08 | Build | Farm |
| 20:09 | Build | Farm |
| 20:15 | Build | Farm |
| 20:18 | Create | Scout Cavalry |
| 20:30 | Create | Villager (Male) |
| 20:31 | Create | Villager (Male) |
| 20:39 | Create | Scout Cavalry |
| 20:40 | Create | Scout Cavalry |
| 21:08 | Create | Scout Cavalry |
| 21:08 | Create | Scout Cavalry |
| 21:20 | Create | Scout Cavalry |
| 21:21 | Create | Villager (Male) |
| 21:21 | Create | Villager (Male) |
| 22:06 | Create | Scout Cavalry |
| 22:08 | Create | Villager (Male) |
| 22:08 | Create | Villager (Male) |
| 22:18 | Create | Scout Cavalry |
| 22:18 | Create | Scout Cavalry |
| 22:20 | Create | Villager (Male) |
| 22:28 | Build | Mining Camp |
| 22:41 | Build | House |
| 22:43 | Create | Scout Cavalry |
| 23:24 | Research | Scale Barding Armor |
| 23:26 | Create | Villager (Male) |
| 23:27 | Create | Villager (Male) |
| 23:27 | Create | Villager (Male) |
| 23:57 | Create | Scout Cavalry |
| 23:57 | Create | Scout Cavalry |
| 23:59 | Create | Scout Cavalry |
| 24:21 | Build | House |
| 24:23 | Build | Palisade Wall |
| 24:29 | Build | House |
Match timeline
| 8:47 | NO_AFK_PLZ:( · first_building Barracks |
| 9:08 | Cono | Gatti · age_up feudal |
| 9:40 | MZTK | Only wall · age_up feudal |
| 10:24 | MZTK | Only wall · wall_segment Stone Wall x4 |
| 10:31 | NO_AFK_PLZ:( · age_up feudal |
| 10:35 | Perro Viejo · age_up feudal |
| 10:36 | NO_AFK_PLZ:( · first_building Archery Range |
| 10:41 | SimoniacJewel88 · age_up feudal |
| 10:59 | MZTK | Only wall · first_market_sell 100 wood |
| 11:13 | MZTK | Only wall · wall_segment Stone Wall x6 |
| 11:14 | 拳斗部诗人—菜桑 · age_up feudal |
| 11:23 | Cono | Joe Strummer · age_up feudal |
| 11:23 | Cono | Acr1 · age_up feudal |
| 11:58 | SimoniacJewel88 · first_market_sell 100 food |
| 12:15 | Cono | Acr1 · first_market_sell 100 stone |
| 12:23 | Cono | Acr1 · first_market_buy 100 food |
| 13:15 | Perro Viejo · first_building Barracks |
| 13:59 | MZTK | Only wall · age_up castle |
| 14:27 | Perro Viejo · age_up castle |
| 14:38 | Perro Viejo · first_building Stable |
| 14:57 | 拳斗部诗人—菜桑 · first_building Barracks |
| 14:58 | 拳斗部诗人—菜桑 · age_up castle |
| 14:59 | Cono | Joe Strummer · age_up castle |
| 15:08 | Cono | Acr1 · age_up castle |
| 15:22 | Cono | Acr1 · first_building Castle |
| 15:23 | Cono | Joe Strummer · first_building Castle |
| 15:47 | SimoniacJewel88 · age_up castle |
| 15:51 | SimoniacJewel88 · first_building Siege Workshop |
| 15:53 | Cono | Joe Strummer · wall_segment Palisade Wall x1 |
| 16:03 | Cono | Joe Strummer · wall_segment Palisade Wall x1 |
| 16:04 | 拳斗部诗人—菜桑 · first_building Archery Range |
| 16:32 | MZTK | Only wall · first_market_buy 100 food |
| 16:46 | Cono | Gatti · wall_segment Palisade Wall x1 |
| 16:47 | SimoniacJewel88 · wall_segment Stone Wall x1 |
| 16:50 | Cono | Gatti · wall_segment Palisade Wall x1 |
| 16:52 | 拳斗部诗人—菜桑 · first_building Siege Workshop |
| 16:57 | Cono | Joe Strummer · first_building Siege Workshop |
| 19:52 | NO_AFK_PLZ:( · age_up castle |
| 20:09 | Cono | Gatti · first_market_sell 100 wood |
| 20:19 | SimoniacJewel88 · first_building Barracks |
| 22:11 | Cono | Acr1 · first_building Barracks |
| 23:38 | MZTK | Only wall · first_building Castle |
| 24:03 | Cono | Gatti · age_up castle |
| 24:08 | Cono | Gatti · first_building Siege Workshop |
| 24:23 | Perro Viejo · wall_segment Palisade Wall x1 |
| 24:54 | Cono | Gatti · first_market_buy 100 wood |
| 25:15 | Perro Viejo · first_building Castle |
| 25:41 | Cono | Gatti · wall_segment Palisade Wall x6 |
| 25:56 | Cono | Acr1 · first_building Stable |
| 26:05 | Cono | Gatti · wall_segment Palisade Wall x4 |
| 27:29 | Perro Viejo · wall_segment Palisade Wall x1 |
| 27:38 | SimoniacJewel88 · first_building Archery Range |
| 28:10 | Cono | Gatti · first_building Castle |
| 28:36 | Cono | Acr1 · first_building Monastery |
| 28:48 | NO_AFK_PLZ:( · first_market_sell 500 wood |
| 28:51 | NO_AFK_PLZ:( · first_market_buy 500 stone |
| 29:04 | MZTK | Only wall · first_building Barracks |
| 29:10 | NO_AFK_PLZ:( · first_building Castle |
| 29:47 | MZTK | Only wall · age_up imperial |
| 30:12 | Cono | Joe Strummer · first_market_sell 100 food |
| 30:15 | Perro Viejo · wall_segment Stone Wall x3 |
| 30:17 | Perro Viejo · wall_segment Stone Wall x7 |
| 30:42 | SimoniacJewel88 · age_up imperial |
| 31:43 | Cono | Gatti · first_building Monastery |
| 32:06 | SimoniacJewel88 · first_building Castle |
| 32:30 | Perro Viejo · first_market_buy 100 food |
| 32:37 | MZTK | Only wall · first_building Archery Range |
| 33:37 | Cono | Joe Strummer · age_up imperial |
| 33:59 | Cono | Gatti · first_building Barracks |
| 34:29 | Cono | Joe Strummer · first_market_buy 100 wood |
| 35:33 | Cono | Acr1 · age_up imperial |
| 35:45 | Perro Viejo · age_up imperial |
| 36:07 | 拳斗部诗人—菜桑 · wall_segment Stone Wall x1 |
| 36:08 | 拳斗部诗人—菜桑 · wall_segment Stone Wall x1 |
| 36:08 | 拳斗部诗人—菜桑 · wall_segment Stone Wall x1 |
| 36:09 | 拳斗部诗人—菜桑 · wall_segment Stone Wall x1 |
| 36:10 | 拳斗部诗人—菜桑 · wall_segment Stone Wall x1 |
| 36:10 | 拳斗部诗人—菜桑 · wall_segment Stone Wall x1 |
| 36:11 | 拳斗部诗人—菜桑 · wall_segment Stone Wall x1 |
| 36:11 | 拳斗部诗人—菜桑 · wall_segment Stone Wall x1 |
| 36:11 | 拳斗部诗人—菜桑 · wall_segment Stone Wall x1 |
| 36:12 | 拳斗部诗人—菜桑 · wall_segment Stone Wall x1 |
| 36:12 | 拳斗部诗人—菜桑 · wall_segment Stone Wall x2 |
| 36:12 | 拳斗部诗人—菜桑 · wall_segment Stone Wall x1 |
| 36:40 | SimoniacJewel88 · tribute_sent a jugador 2 |
| 36:40 | SimoniacJewel88 · tribute_sent a jugador 3 |
| 36:40 | SimoniacJewel88 · tribute_sent a jugador 4 |
| 36:40 | SimoniacJewel88 · tribute_sent a jugador 5 |
| 36:40 | SimoniacJewel88 · tribute_sent a jugador 6 |
| 36:40 | SimoniacJewel88 · tribute_sent a jugador 7 |
| 36:40 | SimoniacJewel88 · tribute_sent a jugador 8 |
| 36:47 | Cono | Joe Strummer · first_building Barracks |
| 37:13 | NO_AFK_PLZ:( · first_building Stable |
| 37:19 | SimoniacJewel88 · tribute_sent a jugador 2 |
| 37:19 | SimoniacJewel88 · tribute_sent a jugador 3 |
| 37:19 | SimoniacJewel88 · tribute_sent a jugador 4 |
| 37:19 | SimoniacJewel88 · tribute_sent a jugador 5 |
| 37:19 | SimoniacJewel88 · tribute_sent a jugador 6 |
| 37:19 | SimoniacJewel88 · tribute_sent a jugador 7 |
| 37:19 | SimoniacJewel88 · tribute_sent a jugador 8 |
| 37:20 | Cono | Gatti · tribute_sent a jugador 1 |
| 37:20 | Cono | Gatti · tribute_sent a jugador 3 |
| 37:20 | Cono | Gatti · tribute_sent a jugador 4 |
| 37:20 | Cono | Gatti · tribute_sent a jugador 5 |
| 37:20 | Cono | Gatti · tribute_sent a jugador 6 |
| 37:20 | Cono | Gatti · tribute_sent a jugador 7 |
| 37:20 | Cono | Gatti · tribute_sent a jugador 8 |
| 37:25 | Cono | Joe Strummer · tribute_sent a jugador 1 |
| 37:25 | Cono | Joe Strummer · tribute_sent a jugador 2 |
| 37:25 | Cono | Joe Strummer · tribute_sent a jugador 3 |
| 37:25 | Cono | Joe Strummer · tribute_sent a jugador 5 |
| 37:25 | Cono | Joe Strummer · tribute_sent a jugador 6 |
| 37:25 | Cono | Joe Strummer · tribute_sent a jugador 7 |
| 37:25 | Cono | Joe Strummer · tribute_sent a jugador 8 |
| 37:30 | Perro Viejo · first_market_sell 500 food |
| 37:35 | Cono | Joe Strummer · first_building Stable |
| 38:26 | Cono | Gatti · first_building Archery Range |
| 39:25 | SimoniacJewel88 · tribute_sent a jugador 2 |
| 39:25 | SimoniacJewel88 · tribute_sent a jugador 3 |
| 39:25 | SimoniacJewel88 · tribute_sent a jugador 4 |
| 39:25 | SimoniacJewel88 · tribute_sent a jugador 5 |
| 39:25 | SimoniacJewel88 · tribute_sent a jugador 6 |
| 39:25 | SimoniacJewel88 · tribute_sent a jugador 7 |
| 39:25 | SimoniacJewel88 · tribute_sent a jugador 8 |
| 40:01 | Cono | Acr1 · resign |
| 40:24 | 拳斗部诗人—菜桑 · age_up imperial |
[ AI ANALYSIS · 1 CREDIT ]
What really happened in this match?
Wolo.gg analyzes every decision: build order, eco, micro, common mistakes by bracket. Personalized analysis on WhatsApp or Discord in 30 seconds.
Civ guide
Turks
Perfil
Jugador #5324656